 Dungeon Crawl Stone Soup version 0.25.0-1-g7eea58d (webtiles) character file.

Game seed: 10929499772815897256

674 Jonnyslop the Cudgeler (level 7, 0/44 HPs)
             Began as a Gargoyle Fighter on June 23, 2020.
             Was a Follower of Okawaru.
             Slain by an ogre
             ... wielding a +0 giant spiked club
              (15 damage)
             ... on level 5 of the Dungeon.
             The game lasted 00:09:20 (3886 turns).

Jonnyslop the Cudgeler (Gargoyle Fighter)           Turns: 3886, Time: 00:09:21

Health: 0/44       AC: 14    Str: 21    XL:     7   Next: 59%
Magic:  8/8        EV:  5    Int:  9    God:    Okawaru [*.....]
Gold:   272        SH: 10    Dex: 15    Spells: 6/6 levels left

rFire    . . .     SeeInvis +   a - +1 flail
rCold    . . .     Gourm    .   c - +1 kite shield
rNeg     + . .     Faith    .   j - +0 chain mail
rPois    ∞         Spirit   .   (no helmet)
rElec    +         Reflect  .   (no cloak)
rCorr    .         Harm     .   (no gloves)
MR       .....                  (no boots)
Stlth    ..........             (no amulet)
HPRegen  0.14/turn              h - ring of see invisible
MPRegen  0.11/turn              n - +6 ring of dexterity

@: mighty
A: negative energy resistance 1, electricity resistance, unbreathing,
petrification resistance, rot immunity, AC +4
a: Heroism, Renounce Religion


You were on level 5 of the Dungeon.
You worshipped Okawaru.
Okawaru was aware of your devotion.
You were not hungry.

You visited 2 branches of the dungeon, and saw 7 of its levels.

You collected 272 gold pieces.

Inventory:

Hand Weapons
 a - a +1 flail (weapon)
Armour
 c - a +1 kite shield (worn)
 j - a +0 chain mail (worn)
Jewellery
 h - a ring of see invisible (left hand)
 n - a +6 ring of dexterity (right hand)
 q - a +6 ring of intelligence
Wands
 g - a wand of paralysis (7)
Scrolls
 b - a scroll of noise {unknown}
 e - 3 scrolls of amnesia
 m - a scroll of enchant weapon
 o - a scroll of remove curse {unknown}
Potions
 i - 4 potions of curing
 k - 3 potions of lignification {unknown}
 l - 2 potions of flight
 p - a potion of stabbing
 r - a potion of brilliance
Comestibles
 f - 7 rations
 s - 6 chunks of flesh


   Skills:
 + Level 5.5 Fighting
 * Level 6.2 Maces & Flails
 + Level 4.2 Armour
 - Level 3.2 Shields
 + Level 2.3 Invocations


You had 6 spell levels left.
You didn't know any spells.
Your spell library was empty.

Dungeon Overview and Level Annotations

Branches:
Dungeon (6/15)             Temple (1/1) D:4

Altars:
Ashenzari
Dithmenos
Fedhas
Gozag
Kikubaaqudgha
Makhleb
Nemelex Xobeh
Okawaru
Qazlal
Sif Muna
Trog
Uskayaw
Vehumet
Wu Jian
Xom
Yredelemnul
Zin
The Shining One


Innate Abilities, Weirdness & Mutations

You are resistant to torment.
Your stone body is resilient. (AC +4)
You are immune to poison.
You resist negative energy. (rN+)
You are resistant to electric shocks. (rElec)
You can survive without breathing.
You are immune to petrification.
You are immune to rotting.


Message History

You are too injured to fight recklessly!
You are too injured to fight recklessly!
You are too injured to fight recklessly!
You are too injured to fight recklessly!
You are too injured to fight recklessly!
You are too injured to fight recklessly!
You are too injured to fight recklessly!
You are too injured to fight recklessly!
You are too injured to fight recklessly!
You are too injured to fight recklessly!
You are too injured to fight recklessly!
You are too injured to fight recklessly!
You are too injured to fight recklessly!
The iguana bites you.
You feel very mighty all of a sudden. You block the ogre's attack.
You sock the ogre!
The ogre is severely wounded.
The ogre hits you with a +0 giant spiked club!
You die...

.(#### ##..................#
...# ###..###.#..........#
...# ##....###........)...#
^..# #..##..#####....>...##
..######.####.#####........##
.....[...........#..........#
..######.........#..........#
.................#..........#
.........##.....@Ol)........#
............######..........#
..........### ##........##
.........## ##......##
.........# ########
.........# .........#
>........# ##########


You could see an ogre and an iguana.

Vanquished Creatures
  2 ogres (D:5)
  A centaur (D:5)
  A howler monkey (D:4)
  A hound (D:5)
  2 orc wizards (D:6)
  5 worker ants (D:4)
  8 adders
  3 oozes
  An adder skeleton (D:4)
  A worm (D:2)
  5 dart slugs
  3 leopard geckos (D:4)
  7 orcs
  4 bats
  3 giant cockroaches
  3 goblins
  4 hobgoblins
  13 jackals
  6 quokkas
  5 frilled lizards
  7 kobolds
  7 rats
92 creatures vanquished.

Notes
Turn   | Place    | Note
-------+----------+-------------------------------------------
     0 | D:1      | Jonnyslop the Gargoyle Fighter began the quest for the Orb.
     0 | D:1      | Reached XP level 1. HP: 14/14 MP: 1/1
   101 | D:1      | Reached XP level 2. HP: 5/19 MP: 2/2
   471 | D:1      | Reached skill level 3 in Maces & Flails
   471 | D:1      | Reached XP level 3. HP: 24/24 MP: 3/3
   836 | D:2      | Reached XP level 4. HP: 26/29 MP: 4/4
  1049 | D:2      | Found an opulent altar of Gozag.
  1356 | D:3      | Found a shattered altar of Ashenzari.
  1500 | D:3      | Reached skill level 4 in Maces & Flails
  1990 | D:4      | Reached XP level 5. HP: 34/34 MP: 5/5
  2421 | D:4      | Reached skill level 5 in Maces & Flails
  2570 | D:4      | Reached XP level 6. HP: 37/40 MP: 6/6
  2680 | D:4      | Found a staircase to the Ecumenical Temple.
  2695 | Temple   | Entered the Ecumenical Temple
  2791 | Temple   | Became a worshipper of Warmaster Okawaru
  3051 | D:5      | Entered Level 5 of the Dungeon
  3090 | D:4      | Reached skill level 5 in Fighting
  3199 | D:4      | Reached skill level 1 in Invocations
  3220 | D:5      | Reached * piety under Okawaru
  3306 | D:5      | Reached XP level 7. HP: 24/44 MP: 8/8
  3448 | D:5      | Found a hide-covered altar of Uskayaw.
  3684 | D:5      | Reached skill level 6 in Maces & Flails
  3886 | D:5      | Slain by an ogre

Illustrated notes

Levels and vault maps discovered:
D:1:      dpeg_arrival_rhombi, layout_rooms, serial_glass, glass_columns_b,
          glass_columns_c, minmay_pentomino_u4
D:2:      layout_basic, nicolae_gozag_seed_capital, first_ration
D:3:      layout_loops_cross, evilmike_ruin_ashenzari, serial_glass,
          glass_columns_c, glass_columns_a
D:4:      layout_cave_pods, minmay_temple_entry_wispy
D:5:      layout_rooms, basic_altar, serial_bayou_pond_a
D:6:      layout_rooms, kennysheep_little_box, serial_shops,
          kennysheep_mini_moat, trog_butcher_becter
Temple:   compressed_dpeg_circular_temple

Skill      XL: |  1  2  3  4  5  6  7 |
---------------+----------------------+-----
Maces & Flails | 3 4 5 6 |  6.2
Fighting       | 4 5 |  5.5
Invocations    | 1 2 |  2.3
Armour         | 4 |  4.2
Shields        | |  3.2

Action                   |  1- 3 |  4- 6 |  7- 9 || total
-------------------------+-------+-------+-------++-------
Melee: Flail             |   108 |   221 |    38 ||   367
  Use: Scroll            |     3 |    10 |       ||    13
       Potion            |       |       |     1 ||     1
  Eat: Chunk             |       |     8 |     2 ||    10
Armor: Scale mail        |    84 |   117 |       ||   201
       Chain mail        |       |    17 |    29 ||    46
Dodge: Dodged            |    45 |    62 |    11 ||   118
Block: Kite shield       |    59 |   133 |    25 ||   217
